cohdb
Replays
Latest Replays
All Replays
Popular Replays
Top Player Replays
Match Explorer
How It Works
Community
CoH3 Stats
Reddit
Sign in to upload your games and track your stats! →
Sign in with Steam
Match 43190010
Unlisted
Match 43190010
Overview
Messages
Build Orders
End
Construct Barracks
Selects Special Operations Battlegroup
Selects M29 Weasel Recon Vehicle
Riflemen Squad
M29 Weasel Recon Vehicle
Riflemen Squad
Riflemen Squad
Infantry Support Center
M1918 Browning Automatic Rifles
Construct Medical Station
Grenade Package
Selects Raiding Flares
Construct Motor Pool
M1 Anti-tank Gun Team
Selects SSF Commando Squad
SSF Commando Squad
SSF Commando Squad
Selects Mark Vehicle
Selects UNKNOWN (2162291)
Construct Tank Depot
M4A1 Sherman Whizbang
Selects Air Re-supply Operation
Air Re-Supply Operation
M4A1 Sherman Whizbang
Raiding Flares
SSF Commando Squad
Gigatard CF worst OKW in history
Majken
Shlligge
Rat of Tobruk
clemenzo
Eplestilk
0
0
Comments
sign in to comment!
No comments posted yet!